 Dungeon Crawl Stone Soup version 0.24-a0-264-gf46a388 (webtiles) character file.

Game seed: 2379954761199415515

96977 mhoghedin the Fighter (level 15, -18/132 HPs)
             Began as a Centaur Fighter on Apr 20, 2019.
             Was an Initiate of Gozag.
             Demolished by an orc knight
             ... wielding a +0 great mace
              (29 damage)
             ... on level 15 of the Dungeon.
             The game lasted 00:54:44 (25468 turns).

mhoghedin the Fighter (Centaur Fighter)            Turns: 25468, Time: 00:54:45

Health: -18/132    AC: 31    Str: 30    XL:     15   Next: 70%
Magic:  14/14      EV: 13    Int:  9    God:    Gozag
Gold:   5736       SH:  0    Dex: 14    Spells: 14/14 levels left

rFire    . . .     SeeInvis +   E - +7 mace of Variability {chain chaos}
rCold    . . .     Gourm    .   (shield currently unavailable)
rNeg     + + .     Faith    .   r - +1 leather armour of Gozag's Generosity {Str+5}
rPois    +         Spirit   .   Z - +2 hat
rElec    .         Reflect  .   F - +0 cloak
rCorr    .         Harm     .   S - +2 pair of gloves {archery}
MR       +....                  s - +10 Black Knight's horse barding {ponderous, rPois rN+}
Stlth    +.........             o - amulet of the acrobat
HPRegen  0.32/turn              H - ring "Omighac" {Fire Int+2 Dex+3}
MPRegen  0.14/turn              R - ring "Boocoses" {Ice rN+ MP-9 Str+2 SInv}

@: gold aura, quick
A: large, hooves 3, horns 1, yellow scales 1, deformed body, speed 2, tough skin
3
a: Potion Petition, Call Merchant, Bribe Branch, Renounce Religion


You were on level 15 of the Dungeon.
You worshipped Gozag.
Gozag was greatly pleased with you.
You were not hungry.

You visited 2 branches of the dungeon, and saw 21 of its levels.
You also visited: Ossuary, Bailey and Gauntlet.

You collected 7256 gold pieces.
You spent 980 gold pieces at shops.
You paid 540 gold pieces to Gozag.

Inventory:

Hand Weapons
 q - a +4 morningstar of crushing
   (You acquired it on level 8 of the Dungeon)
 E - the +7 mace of Variability (weapon) {chain chaos}
   (You found it on level 14 of the Dungeon)

   Each time it hits an enemy it has a different, random effect.
Missiles
 M - a throwing net {=f, !d}
Armour
 c - a +1 shield
 r - the +1 leather armour of Gozag's Generosity (worn) {Str+5}
   (You found it on level 4 of the Dungeon)

   It affects your strength (+5).
 s - the +10 Black Knight's horse barding (worn) {ponderous, rPois rN+}
   (You acquired it on level 8 of the Dungeon)

   It protects you from poison.
   It protects you from negative energy.
 F - a +0 cloak (worn)
   (You found it on level 9 of the Dungeon)
 Q - the +1 plate armour of Prudence {rN+ Int+5}
   (You bought it in a shop on level 14 of the Dungeon)

   It affects your intelligence (+5).
   It protects you from negative energy.
 S - a +2 pair of gloves of archery (worn)
   (You acquired it on level 5 of the Lair of Beasts)
 Z - a +2 hat (worn)
   (You found it on level 12 of the Dungeon)
Jewellery
 a - an uncursed ring of see invisible {sInv, !d}
   (You found it on level 6 of the Lair of Beasts)
 i - an uncursed ring of protection from fire {rF+, !d}
   (You found it on level 3 of the Lair of Beasts)
 o - an amulet of the acrobat (around neck)
   (You found it on level 3 of the Dungeon)
 H - the ring "Omighac" (left hand) {Fire Int+2 Dex+3}
   (You found it in a Gauntlet)

   [ring of fire]

   It enhances your fire magic.
   It affects your intelligence (+2).
   It affects your dexterity (+3).
   It protects you from fire.
   It makes you vulnerable to cold.
 R - the ring "Boocoses" (right hand) {Ice rN+ MP-9 Str+2 SInv}
   (You found it in a Gauntlet)

   [ring of ice]

   It enhances your ice magic.
   It affects your strength (+2).
   It makes you vulnerable to fire.
   It protects you from cold.
   It protects you from negative energy.
   It affects your magic capacity (-9).
   It lets you see invisible.
 V - an uncursed ring of flight {unknown}
   (You found it on level 14 of the Dungeon)
Wands
 v - a wand of enslavement (18)
   (You found it on level 7 of the Dungeon)
 y - a wand of iceblast (21)
   (You found it on level 10 of the Dungeon)
 D - a wand of disintegration (31)
   (You found it on level 4 of the Lair of Beasts)
 G - a wand of digging (18)
   (You found it on level 9 of the Dungeon)
 L - a wand of clouds (3)
   (You found it in a Gauntlet)
 N - a wand of polymorph (24)
   (You found it on level 1 of the Lair of Beasts)
 O - a wand of paralysis (7)
   (You found it on level 1 of the Lair of Beasts)
Scrolls
 d - 10 scrolls of teleportation
 e - 2 scrolls of magic mapping {!r}
 h - 4 scrolls of enchant weapon
 j - a scroll of fog
 n - 6 scrolls of remove curse
 p - 4 scrolls of blinking {!r}
 t - 3 scrolls of fear
 u - 5 scrolls of amnesia
 w - 7 scrolls of identify
 x - a scroll of enchant armour
 P - a scroll of vulnerability {!r!r}
Potions
 b - a potion of invisibility
 g - 12 potions of curing
 k - 4 potions of heal wounds
 l - 4 potions of brilliance
 m - 2 potions of ambrosia
 z - a potion of berserk rage {!q}
 B - 5 potions of haste
 I - 2 potions of flight
 J - 3 potions of mutation {!q}
 K - a potion of magic
 T - a potion of agility
Miscellaneous
 A - a phial of floods
   (You found it in a Gauntlet)
 C - a lamp of fire
   (You found it in a bailey)
 U - a sack of spiders
Comestibles
 f - 42 rations


   Skills:
 + Level 12.0 Fighting
 + Level 10.9 Maces & Flails
 + Level 9.4 Armour
 + Level 9.0 Dodging
 - Level 9.0 Shields
 - Level 11.0 Evocations


You had 14 spell levels left.
You didn't know any spells.
Your spell library contained the following spells:

 Spells                   Type           Power        Failure   Level  Hunger
 Animate Skeleton         Necr           N/A          41%         1    ##.....
 Beastly Appendage        Tmut           #.....       41%         1    ##.....
 Corona                   Hex            #......      41%         1    ##.....
 Infusion                 Chrm           #...         41%         1    ##.....
 Magic Dart               Conj           #...         41%         1    ##.....
 Pain                     Necr           #...         41%         1    ##.....
 Summon Small Mammal      Summ           #...         41%         1    ##.....
 Blink                    Tloc           N/A          54%         2    ###....
 Call Imp                 Summ           #.......     54%         2    ###....
 Ensorcelled Hibernation  Hex/Ice        #.....       54%         2    ###....
 Searing Ray              Conj           #.....       54%         2    ###....
 Shroud of Golubria       Chrm/Tloc      #.........   54%         2    ###....
 Slow                     Hex            #.......     54%         2    ###....
 Song of Slaying          Chrm           #.......     54%         2    ###....
 Sticks to Snakes         Tmut           #.......     54%         2    ###....
 Sublimation of Blood     Necr           #.........   54%         2    ###....
 Throw Frost              Conj/Ice       #.....       54%         2    ###....
 Call Canine Familiar     Summ           #.......     78%         3    ####...
 Conjure Flame            Conj/Fire      #.......     78%         3    ####...
 Dazzling Spray           Conj/Hex       #.....       78%         3    ####...
 Ignite Poison            Fire/Tmut/Pois #.......     78%         3    ####...
 Inner Flame              Hex/Fire       #.......     78%         3    ####...
 Mephitic Cloud           Conj/Pois/Air  #.......     78%         3    ####...
 Portal Projectile        Hex/Tloc       #.....       78%         3    ####...
 Regeneration             Chrm/Necr      #.........   78%         3    ####...
 Spectral Weapon          Hex/Chrm       #.......     78%         3    ####...
 Spider Form              Tmut/Pois      #.........   78%         3    ####...
 Summon Guardian Golem    Hex/Summ       #.......     78%         3    ####...
 Vampiric Draining        Necr           #.........   78%         3    ####...
 Animate Dead             Necr           N/A          99%         4    #####..
 Cause Fear               Hex            #.........   99%         4    #####..
 Force Lance              Conj/Tloc      #.......     99%         4    #####..
 Fulminant Prism          Conj/Hex       #.........   99%         4    #####..
 Ice Form                 Ice/Tmut       #.......     99%         4    #####..
 Iskenderun's Mystic Bla  Conj           #.......     99%         4    #####..
 Leda's Liquefaction      Hex/Erth       #.........   99%         4    #####..
 Petrify                  Tmut/Erth      #.......     99%         4    #####..
 Summon Ice Beast         Ice/Summ       #.......     99%         4    #####..
 Summon Lightning Spire   Summ/Air       #.......     99%         4    #####..
 Alistair's Intoxication  Tmut/Pois      #.......     100%        5    ######.
 Blade Hands              Tmut           #.........   100%        5    ######.
 Bolt of Magma            Conj/Fire/Erth #.........   100%        5    ######.
 Fireball                 Conj/Fire      #.........   100%        5    ######.
 Irradiate                Conj/Tmut      #.........   100%        5    ######.
 Bolt of Fire             Conj/Fire      #.........   100%        6    #######
 Iron Shot                Conj/Erth      #.........   100%        6    #######
 Statue Form              Tmut/Erth      #........    100%        6    #######
 Ring of Flames           Chrm/Fire      #.........   100%        7    #######
 Ignition                 Fire           #.........   100%        8    #######
 Shatter                  Erth           #.........   100%        9    #######


Dungeon Overview and Level Annotations

Branches:
Dungeon (15/15)            Temple (0/1) D:7            Lair (6/6) D:10
 Shoals (0/4) Lair:3        Snake (0/4) Lair:4        Slime (0/5) Lair:5
    Orc (0/2) D:9          Vaults (0/5) D:13
 Depths: D:15

Altars:
Ashenzari
Gozag
Nemelex Xobeh
Okawaru
Vehumet
Xom
The Shining One
Jiyva

Shops:
D:9 :   D:10 [   D:14 [

Annotations:
D:4 2 transporters
D:6 1 exclusion
D:9 4 runed translucent doors
D:10 2 transporters, Orphidia's ghost, novice DrAK
Lair:2 1 runed translucent door, Miucotz's ghost, journeyman TrMo
Lair:3 2 runed translucent doors, Hylith's ghost, journeyman HOMo


Innate Abilities, Weirdness & Mutations

You have hooves in place of feet.
Armour fits poorly on your strangely shaped body.
You cover ground very quickly.
You have extremely tough skin. (AC +3)
You have a pair of small horns on your head.
You are partially covered in yellow scales. (AC +2)


Message History

You kick the tengu warrior. You headbutt the tengu warrior.
The tengu warrior closely misses you. x2; The tengu warrior barely misses you.
You hit the tengu warrior but do no damage.
You kick the tengu warrior.
You headbutt the tengu warrior, but do no damage.
The centaur warrior becomes distracted by the nearby gold, dreaming of imaginary riches.
A crimson imp comes into view.
The tengu warrior hits the centaur warrior with a +2 great sword!!
The centaur warrior is no longer distracted by gold.
The centaur warrior shouts!
The tengu warrior pecks the centaur warrior.
The tengu warrior claws the centaur warrior.
You strike the helpless tengu warrior from behind!
You bludgeon the tengu warrior!!
You kill the tengu warrior!
The centaur warrior unwields a +0 longbow.
The centaur warrior hits you but does no damage.
You closely miss the centaur warrior. Your kick misses the centaur warrior.
The orc warrior no longer looks unusually strong.
The centaur warrior closely misses you.
You barely miss the centaur warrior. Your kick misses the centaur warrior.
You headbutt the centaur warrior, but do no damage.
The centaur warrior closely misses you. The centaur warrior hits you.
You take 5 damage, and have 70/132 hp.
You bludgeon the centaur warrior!!
You kill the centaur warrior!
The tengu warrior blocks your attack.
Your kick misses the tengu warrior. Your headbutt misses the tengu warrior.
The orc warrior hits you but does no damage.
The tengu warrior hits you with a +0 long sword!
The tengu warrior misses you.
The tengu warrior claws you but does no damage.
You take 8 damage, and have 63/132 hp.
You miss the tengu warrior.
The orc no longer looks unusually strong.
The orc warrior barely misses you. The tengu warrior closely misses you.
The tengu warrior pecks you but does no damage.
The tengu warrior claws you but does no damage.
You barely miss the tengu warrior. Your kick misses the tengu warrior.
The orc warrior hits you from afar with a +0 halberd!
The tengu warrior hits you but does no damage.
The tengu warrior barely misses you.
The tengu warrior claws you but does no damage.
You take 14 damage, and have 49/132 hp.
You closely miss the tengu warrior. Your kick misses the tengu warrior.
The orc warrior barely misses you.
The crimson imp becomes distracted by the nearby gold, dreaming of imaginary riches.
The tengu warrior hits you but does no damage.
The tengu warrior pecks you.
The tengu warrior claws you but does no damage.
You take 1 damage, and have 48/132 hp.
The crimson imp shouts!
You bludgeon the tengu warrior!! Your kick misses the tengu warrior.
Your headbutt misses the tengu warrior.
The tengu warrior disappears!
The orc warrior hits you from afar with a +0 halberd.
The bullfrog hits you.
You take 5 damage, and have 43/132 hp.
You thump the bullfrog!
The bullfrog is poisoned.
Your kick misses the bullfrog. Your headbutt misses the bullfrog.
The bullfrog misses you. The orc warrior closely misses you.
The bullfrog closely misses you.
You barely miss the bullfrog. You kick the bullfrog!
You kill the bullfrog!
The crimson imp is no longer distracted by gold.
The bullfrog becomes distracted by the nearby gold, dreaming of imaginary riches.
You closely miss the orc knight.
The bullfrog croaks.
You kick the orc knight!
The bullfrog is no longer distracted by gold.
The bullfrog becomes distracted by the nearby gold, dreaming of imaginary riches.
The orc knight barely misses you.
The orc warrior hits you but does no damage.
The bullfrog croaks.
You hit the orc knight but do no damage.
The orc knight goes berserk!
Your kick misses the orc knight. Your headbutt misses the orc knight.
The orc knight becomes distracted by the nearby gold, dreaming of imaginary riches.
The orc warrior hits you but does no damage.
The orc knight shouts!
Unknown command.
You sock the orc knight!
Lightning courses through the orc knight!
The orc knight is no longer distracted by gold.
Your kick misses the orc knight. Your headbutt misses the orc knight.
The orc knight hits you with a +0 great mace!
* * * LOW HITPOINT WARNING * * *
The crocodile becomes distracted by the nearby gold, dreaming of imaginary riches.
The orc knight hits you with a +0 great mace!
* * * LOW HITPOINT WARNING * * *
The orc warrior hits you from afar with a +0 halberd.
* * * LOW HITPOINT WARNING * * *
You take 34 damage, and have 10/132 hp.
MASSIVE DAMAGE!!
You see here an arrow.
The bullfrog is no longer distracted by gold.
The orc knight completely misses you.
There is a stone staircase leading up here.
The orc knight hits you with a +0 great mace!!
You die...
Your body crumbles into a pile of gold.

.# .. # .##.. #
## #.....
..####. !.#.#.
#......##......
.......@......#
.....#.o...#...
$.# #.5.####
#.#o# #o#o#
..#$# #.<$F#
#...t..
......%...


You could see an orc knight (berserk), 2 orc warriors, a crocodile, a bullfrog,
a crimson imp and an orc.

Vanquished Creatures
  Rupert (D:12)
  An orc warlord (Bailey)
  A minotaur (Gauntlet)
  Nessos (Lair:5)
  A fire dragon (Lair:6)
  Fannar (D:11)
  A vault guard (D:13)
  2 catoblepae
  4 hydras
  5 two-headed ogres
  A death knight (D:14)
  2 centaur warriors
  4 tengu warriors
  4 death yaks
  Sonja (Lair:3)
  4 unseen horrors
  A swamp dragon (Lair:6)
  An orc knight (Bailey)
  2 phantasmal warriors (D:14)
  6 ugly things
  9 cyclopes
  A wolf spider (Lair:6)
  A manticore (D:13)
  Joseph (D:7)
  A guardian serpent (Lair:6)
  16 black mambas
  5 elephants (Lair:5)
  14 spiny frogs
  3 gargoyles
  8 komodo dragons
  3 rime drakes
  2 centaur skeletons (D:13)
  2 tengu conjurers
  6 trolls
  2 hornets (Lair:6)
  A polar bear (Lair:6)
  3 meliai (D:14)
  16 hippogriffs
  14 blink frogs
  16 flying skulls (Gauntlet)
  A redback (Lair:6)
  11 wyverns
  48 yaks
  2 wraiths
  3 basilisks
  2 hungry ghosts
  2 steam dragons
  A naga (Lair:4)
  19 water moccasins
  7 porcupines
  3 acid dragons (Lair:6)
  An eye of draining (D:12)
  3 ice beasts
  2 sky beasts
  2 black bears
  15 orc warriors
  A phantom (D:6)
  25 wolves
  8 ogres
  A necrophage (D:8)
  8 centaurs
  11 crocodiles
  An elf zombie (Ossuary)
  A big kobold (D:12)
  15 bullfrogs
  A wyvern zombie (D:8)
  A wyvern skeleton (D:11)
  5 scorpions
  4 killer bees (D:12)
  5 wights (D:6)
  3 howler monkeys
  A bullfrog zombie (D:13)
  8 crimson imps
  9 centaur zombies
  3 human zombies (Ossuary)
  4 jellies
  14 orc wizards
  7 orc priests
  3 bullfrog skeletons
  6 hounds
  3 iguanas
  8 worker ants
  2 big kobold zombies (Ossuary)
  A hound skeleton (D:10)
  2 mummies (Ossuary)
  6 gnolls (Bailey)
  7 adders
  3 shadow imps
  5 oozes
  4 adder zombies
  3 adder skeletons
  4 worms
  2 dart slugs
  6 leopard geckos
  67 orcs
  8 bats
  9 giant cockroaches
  29 goblins
  16 hobgoblins
  14 jackals
  3 quokkas
  2 ball pythons (D:3)
  8 frilled lizards
  7 hobgoblin zombies (Ossuary)
  12 kobolds
  8 kobold zombies (Ossuary)
  11 orc zombies (Ossuary)
  13 rats
  A rat zombie (Ossuary)
  A butterfly (Lair:2)
  A plant (D:10)
701 creatures vanquished.

Vanquished Creatures (collateral kills)
  2 orc warriors (Bailey)
  A crocodile (Lair:3)
  A big kobold (D:9)
  A gnoll (Bailey)
  2 orcs (Bailey)
  2 hobgoblins (Bailey)
  A kobold (D:9)
10 creatures vanquished.

Vanquished Creatures (others)
  An orc knight (Bailey)
  A crocodile (Lair:6)
  An orc (Bailey)
  9 fungi (Lair:6)
  17 plants
29 creatures vanquished.

Grand Total: 740 creatures vanquished

Notes
Turn   | Place    | Note
-------+----------+-------------------------------------------
     0 | D:1      | mhoghedin the Centaur Fighter began the quest for the Orb.
     0 | D:1      | Reached XP level 1. HP: 19/19 MP: 1/1
    78 | D:1      | Reached skill level 2 in Maces & Flails
    78 | D:1      | Reached XP level 2. HP: 16/26 MP: 2/2
   763 | D:2      | Reached XP level 3. HP: 31/31 MP: 3/3
  1088 | D:2      | Reached XP level 4. HP: 35/38 MP: 4/4
  1546 | D:3      | Reached skill level 1 in Dodging
  1546 | D:3      | Reached XP level 5. HP: 31/46 MP: 5/5
  2501 | D:3      | Found a radiant altar of Vehumet.
  2501 | D:3      | Found a shattered altar of Ashenzari.
  2546 | D:4      | Got a smoking leather armour
  2557 | D:4      | Identified the +1 leather armour of Gozag's Generosity
                  | {Str+5} (You found it on level 4 of the Dungeon)
  2699 | D:4      | Reached skill level 4 in Fighting
  2699 | D:4      | Reached skill level 3 in Maces & Flails
  2699 | D:4      | Reached skill level 3 in Armour
  2699 | D:4      | Reached skill level 3 in Shields
  3014 | D:4      | Reached XP level 6. HP: 42/52 MP: 6/6
  3479 | D:4      | Found an opulent altar of Gozag.
  3575 | D:4      | Became a worshipper of Gozag Ym Sagoz the Greedy
  3817 | D:4      | Found a transporter.
  3829 | D:4      | Found a transporter.
  4263 | D:5      | Entered Level 5 of the Dungeon
  5044 | D:6      | Reached skill level 2 in Dodging
  5044 | D:6      | Reached XP level 7. HP: 17/60 MP: 7/7
  5044 | D:6      | HP: 15/60 [adder zombie (2)]
  5077 | D:6      | HP: 12/60 [phantom (5)]
  5406 | D:6      | Found a sparkling altar of Nemelex Xobeh.
  5526 | D:6      | Reached skill level 5 in Fighting
  5526 | D:6      | Reached skill level 4 in Maces & Flails
  5568 | D:6      | Reached XP level 8. HP: 64/68 MP: 8/8
  5579 | D:6      | Found a sand-covered staircase.
  5591 | Ossuary  | Entered an ossuary
  5773 | Ossuary  | Reached skill level 4 in Shields
  5819 | Ossuary  | Reached skill level 4 in Armour
  5829 | Ossuary  | Reached skill level 3 in Dodging
  5839 | Ossuary  | HP: 16/68 [elf zombie (4)]
  5844 | Ossuary  | HP: 7/68 [elf zombie (7)]
  5850 | Ossuary  | HP: 4/69 [human zombie (5)]
  6480 | D:5      | HP: 11/70 [orc warrior/+0 scimitar (15)]
  6750 | D:6      | Reached skill level 6 in Fighting
  6750 | D:6      | Reached skill level 5 in Maces & Flails
  6780 | D:6      | Reached XP level 9. HP: 33/75 MP: 9/9
  7094 | D:6      | Found an iron altar of Okawaru.
  7778 | D:7      | Found a staircase to the Ecumenical Temple.
  7884 | D:7      | Noticed Joseph
  7914 | D:7      | Killed Joseph
  7914 | D:7      | Reached skill level 4 in Dodging
  8174 | D:8      | Found a flagged portal.
  8184 | Bailey   | Entered a bailey
  8404 | Bailey   | Noticed an orc knight
  8432 | Bailey   | Reached skill level 5 in Armour
  8432 | Bailey   | Reached skill level 5 in Shields
  8436 | Bailey   | HP: 18/78 [orc warrior/+0 war axe (16)]
  8763 | Bailey   | Noticed an orc warlord
  8764 | Bailey   | Noticed an orc knight
  8768 | Bailey   | Killed an orc knight
  8768 | Bailey   | Reached skill level 7 in Fighting
  8768 | Bailey   | Reached skill level 6 in Maces & Flails
  8768 | Bailey   | Reached XP level 10. HP: 82/86 MP: 10/10
  8775 | Bailey   | Killed an orc warlord
  8775 | Bailey   | Reached skill level 5 in Dodging
  9510 | Bailey   | Got an ichor-stained arbalest
  9511 | Bailey   | Identified the cursed +1 arbalest of Unpleasantness {elec,
                  | rF+} (You found it in a bailey)
  9566 | D:8      | Identified 2 scrolls of acquirement
  9572 | D:8      | Found the +10 Black Knight's horse barding {ponderous,
                  | rPois rN+}
 10137 | D:8      | Found a glowing golden altar of the Shining One.
 10227 | D:8      | Reached skill level 6 in Armour
 10227 | D:8      | Reached skill level 6 in Shields
 10478 | D:9      | Found a staircase to the Orcish Mines.
 10488 | D:9      | Noticed a two-headed ogre
 10495 | D:9      | Killed a two-headed ogre
 10495 | D:9      | Reached skill level 8 in Fighting
 10495 | D:9      | Reached skill level 7 in Maces & Flails
 10496 | D:9      | Noticed a two-headed ogre
 10561 | D:9      | Killed a two-headed ogre
 10841 | D:9      | Noticed a two-headed ogre
 10847 | D:9      | Killed a two-headed ogre
 10847 | D:9      | Reached XP level 11. HP: 74/95 MP: 11/11
 11073 | D:9      | Found Diles's Book Shoppe.
 11112 | D:9      | Found a large runed translucent door.
 11115 | D:9      | Found a large runed translucent door.
 11117 | D:9      | Found a large runed translucent door.
 11119 | D:9      | Found a large runed translucent door.
 11783 | D:10     | Entered Level 10 of the Dungeon
 11819 | D:10     | Reached skill level 6 in Dodging
 12045 | D:10     | Found Haxt's Armour Shop.
 12107 | D:10     | Found a transporter.
 12118 | D:10     | Noticed Orphidia's ghost (novice DrAK)
 12149 | D:10     | Found a transporter.
 12312 | D:10     | Found a staircase to the Lair.
 12342 | D:10     | Reached skill level 9 in Fighting
 12439 | Lair:1   | Entered Level 1 of the Lair of Beasts
 12580 | Lair:1   | Reached skill level 8 in Maces & Flails
 12818 | Lair:1   | Reached skill level 7 in Armour
 12863 | Lair:1   | Reached skill level 7 in Shields
 13550 | Lair:2   | Found a gate leading to a gauntlet.
 13611 | Gauntlet | Entered a Gauntlet
 13611 | Gauntlet | Found a transporter.
 13615 | Gauntlet | Noticed a death yak
 13615 | Gauntlet | Noticed a death yak
 13615 | Gauntlet | Noticed a death yak
 13615 | Gauntlet | Noticed a death yak
 13616 | Gauntlet | Found a transporter.
 13616 | Gauntlet | Noticed a death yak
 13616 | Gauntlet | Noticed a necromancer
 13616 | Gauntlet | Noticed a death yak
 13617 | Gauntlet | Found a transporter.
 13618 | Gauntlet | Found a transporter.
 13621 | Gauntlet | Found a transporter.
 13622 | Gauntlet | Found a transporter.
 13624 | Gauntlet | Noticed a wolf spider
 13630 | Gauntlet | Found a transporter.
 13630 | Gauntlet | Noticed an entropy weaver
 13691 | Gauntlet | Found a transporter.
 13723 | Gauntlet | Found a large runed translucent door.
 13723 | Gauntlet | Found a large runed translucent door.
 13724 | Gauntlet | Found a large runed translucent door.
 13725 | Gauntlet | Found a large runed translucent door.
 13726 | Gauntlet | Found a runed translucent gate.
 13727 | Gauntlet | Found a transporter.
 13727 | Gauntlet | Found a runed translucent gate.
 13728 | Gauntlet | Found a runed translucent gate.
 13729 | Gauntlet | Found a large runed translucent door.
 13730 | Gauntlet | Found a large runed translucent door.
 13730 | Gauntlet | Found a large runed translucent door.
 13730 | Gauntlet | Found a large runed translucent door.
 13731 | Gauntlet | Found a large runed translucent door.
 13743 | Gauntlet | Found a large runed translucent door.
 13743 | Gauntlet | Found a large runed translucent door.
 13743 | Gauntlet | Found a runed translucent door.
 13744 | Gauntlet | Found a large runed translucent door.
 13745 | Gauntlet | Found a large runed translucent door.
 13749 | Gauntlet | Found a transporter.
 13751 | Gauntlet | Found a transporter.
 13756 | Gauntlet | Found a runed translucent door.
 13757 | Gauntlet | Found a large runed translucent door.
 13757 | Gauntlet | Found a large runed translucent door.
 13757 | Gauntlet | Noticed an obsidian statue
 13762 | Gauntlet | Found a transporter.
 13787 | Gauntlet | Found a large runed translucent door.
 13836 | Gauntlet | Got a twitching marble ring
 13933 | Gauntlet | Reached XP level 12. HP: 98/105 MP: 12/12
 14025 | Gauntlet | Got a brightly glowing lapis lazuli ring
 14050 | Gauntlet | Noticed a minotaur
 14053 | Gauntlet | Gained mutation: You are partially covered in yellow
                  | scales. (AC +2) [potion of mutation]
 14053 | Gauntlet | Gained mutation: You have a pair of small horns on your
                  | head. [potion of mutation]
 14062 | Gauntlet | Killed a minotaur
 14077 | Gauntlet | Identified Ycropp's Compendium of Shape Shifting and Ice
 14078 | Gauntlet | Got a shimmering brass ring
 14143 | Lair:2   | Identified the ring "Omighac" {Fire Int+2 Dex+3} (You found
                  | it in a Gauntlet)
 14144 | Lair:2   | Identified the ring "Boocoses" {Ice rN+ MP-9 Str+2 SInv}
                  | (You found it in a Gauntlet)
 14145 | Lair:2   | Identified the ring of Nemot {*Tele rF+} (You found it in a
                  | Gauntlet)
 14338 | Lair:2   | Reached skill level 10 in Fighting
 14338 | Lair:2   | Reached skill level 9 in Maces & Flails
 14338 | Lair:2   | Reached skill level 8 in Armour
 14338 | Lair:2   | Reached skill level 7 in Dodging
 14338 | Lair:2   | Reached skill level 8 in Shields
 14338 | Lair:2   | Reached XP level 13. HP: 106/114 MP: 4/13
 14712 | Lair:2   | Found a runed translucent door.
 14713 | Lair:2   | Found a shimmering altar of Xom.
 14713 | Lair:2   | Noticed Miucotz's ghost (journeyman TrMo)
 14713 | Lair:2   | Identified the +4 rapier of the World {chaos, rC+ Str-4
                  | Int+4}
 14915 | Lair:3   | Reached skill level 1 in Evocations
 14931 | Lair:3   | Noticed Sonja
 14945 | Lair:3   | Killed Sonja
 14945 | Lair:3   | Reached skill level 2 in Evocations
 14953 | Lair:3   | Reached skill level 3 in Evocations
 14985 | Lair:3   | Found a staircase to the Shoals.
 15063 | Lair:3   | Reached skill level 4 in Evocations
 15197 | Lair:3   | Found a large runed translucent door.
 15198 | Lair:3   | Found a large runed translucent door.
 15200 | Lair:3   | Noticed Hylith's ghost (journeyman HOMo)
 15466 | Lair:4   | Found a staircase to the Snake Pit.
 15584 | Lair:4   | Reached skill level 5 in Evocations
 15908 | Lair:4   | Reached skill level 6 in Evocations
 16285 | Lair:4   | Reached skill level 7 in Evocations
 16840 | Lair:5   | Noticed Nessos
 16845 | Lair:5   | Killed Nessos
 16845 | Lair:5   | Reached XP level 14. HP: 107/122 MP: 10/19
 16935 | Lair:5   | Reached skill level 8 in Evocations
 17101 | Lair:5   | Found a staircase to the Slime Pits.
 17101 | Lair:5   | Found a viscous altar of Jiyva.
 17481 | Lair:6   | Entered Level 6 of the Lair of Beasts
 17512 | Lair:6   | Reached skill level 9 in Evocations
 17883 | Lair:6   | Reached skill level 10 in Evocations
 18245 | Lair:6   | Got a jacinth-encrusted scale mail
 18246 | Lair:6   | Identified the +1 scale mail "Naduure" {rF+} (You found it
                  | on level 6 of the Lair of Beasts)
 18479 | Lair:6   | Reached skill level 11 in Evocations
 20142 | Lair:6   | Reached skill level 8 in Dodging
 20803 | D:11     | Reached skill level 11 in Fighting
 20991 | D:11     | Reached skill level 10 in Maces & Flails
 21004 | D:11     | Noticed Fannar
 21084 | D:11     | Killed Fannar
 21575 | D:11     | Reached XP level 15. HP: 103/129 MP: 14/23
 22118 | D:12     | Noticed Rupert
 22140 | D:12     | Killed Rupert
 22982 | D:12     | Reached skill level 9 in Shields
 23012 | D:12     | Reached skill level 9 in Armour
 23518 | D:13     | HP: 30/130 [tengu warrior/+1 great mace[a tengu conjurer]
                  | (24)]
 24049 | D:13     | Found a gate to the Vaults.
 24312 | D:14     | Found the +7 mace of Variability {chain chaos}
 24840 | D:14     | Found Kiqof's Antique Armour Emporium.
 24844 | D:14     | Bought a jewelled plate armour for 980 gold pieces
 24854 | D:14     | Identified the +1 plate armour of Prudence {rN+ Int+5} (You
                  | bought it in a shop on level 14 of the Dungeon)
 25049 | D:14     | Reached skill level 9 in Dodging
 25429 | D:15     | Entered Level 15 of the Dungeon
 25436 | D:15     | Reached skill level 12 in Fighting
 25463 | D:15     | HP: 31/132 [orc knight/+0 great mace (14)]
 25463 | D:15     | HP: 14/132 [orc knight/+0 great mace (17)]
 25468 | D:15     | Demolished by an orc knight

Levels and vault maps discovered:
D:1:      minmay_arrival_up_and_down, layout_basic
D:2:      layout_basic, first_ration, minmay_pentomino_o2
D:3:      layout_basic, gammafunk_temple_overflow_wave
D:4:      gammafunk_steamed_eel, layout_basic,
          nicolae_gozag_cash_rules_everything_around_me, serial_rivers,
          chequers_serial_rivers_room_a, chequers_serial_rivers_room_b,
          chequers_serial_rivers_micro_b, chequers_serial_rivers_marsh,
          chequers_serial_rivers_small_3
D:5:      layout_basic
D:6:      layout_basic, kennysheep_okawaru_gauntlet, kennysheep_mini,
          chequers_ossuary_entry_cave
D:7:      layout_loops_ring, minmay_temple_entry_hall, roderic_serpentine_path,
          uniq_joseph
D:8:      layout_basic, tso_metal_star, enter_bailey_1
D:9:      layout_rooms, orc_0_dummy, serial_shops, shop,
          hangedman_little_slice_of_home, minmay_hollow_rounded_squares
D:10:     layout_rooms, david_lair_shrubbed, serial_shops, shop,
          gammafunk_ghost_berserking_beasts, minmay_misc_feat_rugged
D:11:     layout_basic, uniq_fannar
D:12:     layout_long_grid, kb_tengu_band, uniq_rupert
D:13:     layout_basic, david_vaults_5, st_stairs_7
D:14:     layout_irregular_city, serial_shops, shop, chequers_arboretum,
          drop_trap
D:15:     gammafunk_enter_depths_forms, layout_rooms, chequers_decorated_corner
Lair:1:   layout_chaotic_city, serial_bayou_ford_a
Lair:2:   layout_misc_corridors, gauntlet_entry_generic, ebering_ghost_xom,
          columned_hall_lemuel, minivault_27, lemuel_fruit_tree,
          lemuel_fruit_fields
Lair:3:   layout_big_grid, elwin_shoals_entry_rocks,
          ebering_ghost_disaster_area, uniq_sonja
Lair:4:   layout_loops_ring, guppyfry_snake_entry_island,
          minmay_shattered_shrine
Lair:5:   layout_gridlike, slime_altar_1, uniq_nessos
Lair:6:   guppyfry_lair_end_dragon, layout_gridlike,
          hangedman_lair_tendril_chambers
Ossuary:  ossuary_tomb_1
Bailey:   bailey_axe_minmay_hex_keep, bailey
Gauntlet: minmay_gauntlet_mixed_oops_all_seconds [minmay_gauntlet_arena_77_mess,
          nicolae_gauntlet_arena_x, minmay_gauntlet_arena_77_fan,
          nicolae_gauntlet_arena_t_cross,
          minmay_gauntlet_arena_77_terracotta_army,
          minmay_gauntlet_arena_make_your_own_arena, gauntlet_exit_green]

Skill      XL: |  1  2  3  4  5  6  7  8  9 10 11 12 13 14 15 |
---------------+----------------------------------------------+-----
Maces & Flails | 2 3 4 5 6 7 8 9 10 | 10.9
Dodging        | 1 2 3 4 5 6 7 8 9 |  9.0
Fighting       | 4 5 6 7 8 9 10 11 12 | 12.0
Armour         | 3 4 5 6 7 8 9 |  9.4
Shields        | 3 4 5 6 7 8 9 |  9.0
Evocations     | 7 11 | 11.0

Action                   |  1- 3 |  4- 6 |  7- 9 | 10-12 | 13-15 || total
-------------------------+-------+-------+-------+-------+-------++-------
Melee: Flail             |   151 |   212 |   423 |    23 |       ||   809
       Kick              |    26 |    39 |   136 |   154 |   414 ||   769
       Morningstar       |       |       |       |   441 |   958 ||  1399
       Headbutt          |       |       |       |     8 |   240 ||   248
       Great mace        |       |       |       |       |    67 ||    67
Invok: Potion Petition   |       |     1 |       |     1 |       ||     2
Evoke: Wand              |       |       |     4 |     2 |     3 ||     9
       Lamp of fire      |       |       |       |     1 |     1 ||     2
       Phial of floods   |       |       |       |       |     1 ||     1
  Use: Potion            |       |     5 |     4 |     5 |     1 ||    15
       Scroll            |       |    13 |     2 |    16 |    12 ||    43
 Stab: Invisible         |       |       |     6 |    10 |       ||    16
       Distracted        |       |       |     1 |     1 |    11 ||    13
       Paralysed         |       |       |       |       |     2 ||     2
       Confused          |       |       |       |       |     2 ||     2
  Eat: Chunk             |       |     8 |       |       |       ||     8
       Ration            |       |     2 |     2 |     8 |     9 ||    21
Armor: Scale mail        |   106 |    52 |       |       |       ||   158
       Leather armour    |       |    27 |    85 |   182 |   492 ||   786
Dodge: Dodged            |    49 |    50 |   117 |   195 |   533 ||   944
Block: Shield            |    83 |    91 |   170 |   281 |   713 ||  1338

Table legend:
 A = Non-vault XP
 B = Vault XP
 C = Vault XP percentage of total XP
 D = Non-vault monster count
 E = Vault monster count
 F = Vault count percentage of total count
                 A         B        C        D         E       F
            +---------+---------+-------+---------+---------+-------
      Total |   82674 |   36841 |  30.8 |     504 |     206 |  29.0
            +---------+---------+-------+---------+---------+-------
        D:1 |      36 |       0 |   0.0 |      22 |       0 |   0.0
        D:2 |      80 |      10 |  11.1 |      31 |       2 |   6.1
        D:3 |     125 |       0 |   0.0 |      24 |       0 |   0.0
        D:4 |     227 |       0 |   0.0 |      20 |       0 |   0.0
        D:5 |     304 |       0 |   0.0 |       7 |       0 |   0.0
        D:6 |    1746 |       0 |   0.0 |      39 |       0 |   0.0
        D:7 |     289 |     475 |  62.2 |      18 |       1 |   5.3
        D:8 |    1084 |       0 |   0.0 |      16 |       0 |   0.0
        D:9 |    4699 |    1118 |  19.2 |      23 |      15 |  39.5
       D:10 |    2030 |     406 |  16.7 |      27 |       1 |   3.6
       D:11 |    7328 |    1023 |  12.3 |      47 |       1 |   2.1
       D:12 |    8694 |    4070 |  31.9 |      39 |       3 |   7.1
       D:13 |    9170 |    1232 |  11.8 |      22 |       3 |  12.0
       D:14 |    8950 |       0 |   0.0 |      24 |       0 |   0.0
       D:15 |    3236 |       0 |   0.0 |       5 |       0 |   0.0
     Lair:1 |    2826 |       0 |   0.0 |      14 |       0 |   0.0
     Lair:2 |    5639 |       0 |   0.0 |      28 |       0 |   0.0
     Lair:3 |    4116 |     752 |  15.4 |      24 |       1 |   4.0
     Lair:4 |    4719 |    3721 |  44.1 |      16 |       9 |  36.0
     Lair:5 |    3927 |    1251 |  24.2 |      13 |       1 |   7.1
     Lair:6 |   13449 |   13391 |  49.9 |      45 |      46 |  50.5
    Ossuary |       0 |     435 | 100.0 |       0 |      39 | 100.0
     Bailey |       0 |    3958 | 100.0 |       0 |      67 | 100.0
   Gauntlet |       0 |    4999 | 100.0 |       0 |      17 | 100.0
            +---------+---------+-------+---------+---------+-------

Levels and vault maps discovered:
D:1:      minmay_arrival_up_and_down, layout_basic
D:2:      layout_basic, first_ration, minmay_pentomino_o2
D:3:      layout_basic, gammafunk_temple_overflow_wave
D:4:      gammafunk_steamed_eel, layout_basic,
          nicolae_gozag_cash_rules_everything_around_me, serial_rivers,
          chequers_serial_rivers_room_a, chequers_serial_rivers_room_b,
          chequers_serial_rivers_micro_b, chequers_serial_rivers_marsh,
          chequers_serial_rivers_small_3
D:5:      layout_basic
D:6:      layout_basic, kennysheep_okawaru_gauntlet, kennysheep_mini,
          chequers_ossuary_entry_cave
D:7:      layout_loops_ring, minmay_temple_entry_hall, roderic_serpentine_path,
          uniq_joseph
D:8:      layout_basic, tso_metal_star, enter_bailey_1
D:9:      layout_rooms, orc_0_dummy, serial_shops, shop,
          hangedman_little_slice_of_home, minmay_hollow_rounded_squares
D:10:     layout_rooms, david_lair_shrubbed, serial_shops, shop,
          gammafunk_ghost_berserking_beasts, minmay_misc_feat_rugged
D:11:     layout_basic, uniq_fannar
D:12:     layout_long_grid, kb_tengu_band, uniq_rupert
D:13:     layout_basic, david_vaults_5, st_stairs_7
D:14:     layout_irregular_city, serial_shops, shop, chequers_arboretum,
          drop_trap
D:15:     gammafunk_enter_depths_forms, layout_rooms, chequers_decorated_corner
Lair:1:   layout_chaotic_city, serial_bayou_ford_a
Lair:2:   layout_misc_corridors, gauntlet_entry_generic, ebering_ghost_xom,
          columned_hall_lemuel, minivault_27, lemuel_fruit_tree,
          lemuel_fruit_fields
Lair:3:   layout_big_grid, elwin_shoals_entry_rocks,
          ebering_ghost_disaster_area, uniq_sonja
Lair:4:   layout_loops_ring, guppyfry_snake_entry_island,
          minmay_shattered_shrine
Lair:5:   layout_gridlike, slime_altar_1, uniq_nessos
Lair:6:   guppyfry_lair_end_dragon, layout_gridlike,
          hangedman_lair_tendril_chambers
Ossuary:  ossuary_tomb_1
Bailey:   bailey_axe_minmay_hex_keep, bailey
Gauntlet: minmay_gauntlet_mixed_oops_all_seconds [minmay_gauntlet_arena_77_mess,
          nicolae_gauntlet_arena_x, minmay_gauntlet_arena_77_fan,
          nicolae_gauntlet_arena_t_cross,
          minmay_gauntlet_arena_77_terracotta_army,
          minmay_gauntlet_arena_make_your_own_arena, gauntlet_exit_green]

Table legend:
 A = Turns spent in this place as a percentage of turns spent in the entire game.
 B = Non-inter-level travel turns spent in this place as a percentage of non-inter-level travel turns spent in the entire game.
 C = Inter-level travel turns spent in this place as a percentage of turns spent in this place.
 D = Turns resting spent in this place as a percentage of non-inter-level travel turns spent in this place.
 E = Turns spent auto-exploring this place as a percentage of non-inter-level travel turns spent in this place.
 F = Non-inter-level travel turns spent in this place divided by the number of levels of this place that you've seen.
                   A       B       C       D       E      F
               +-------+-------+-------+-------+-------+----------------------
         Total | 100.0 | 100.0 |   3.3 |  29.7 |  48.7 | 1026.7
       Dungeon |  60.1 |  60.2 |   3.1 |  27.0 |  53.0 | 989.0
          Lair |  29.8 |  29.4 |   4.6 |  29.7 |  49.7 | 1206.2
       Ossuary |   2.6 |   2.7 |   0.0 |  48.6 |  17.1 | 660.0
        Bailey |   5.4 |   5.6 |   0.0 |  54.3 |  16.4 | 1378.0
      Gauntlet |   2.1 |   2.2 |   0.0 |  15.1 |  37.7 | 530.0
               +-------+-------+-------+-------+-------+----------------------

Table legend:
 A = Kills in this place as a percentage of kills in entire the game.
 B = Kills by you in this place as a percentage of kills by you in the entire game.
 C = Kills by friends in this place as a percentage of kills by friends in the entire game.
 D = Other kills in this place as a percentage of other kills in the entire game.
 E = Experience gained in this place as a percentage of experience gained in the entire game.
 F = Experience gained in this place divided by the number of levels of this place that you have seen.
                   A       B       C       D       E      F
               +-------+-------+-------+-------+-------+----------------------
         Total | 100.0 | 100.0 | 100.0 | 100.0 | 100.0 | 4979.8
       Dungeon |  54.9 |  55.5 |  20.0 |   0.0 |  47.1 | 3755.5
          Lair |  27.7 |  27.9 |  10.0 | 100.0 |  45.0 | 8965.2
       Ossuary |   5.5 |   5.6 |   0.0 |   0.0 |   0.4 | 435.0
        Bailey |   9.4 |   8.6 |  70.0 |   0.0 |   3.3 | 3958.0
      Gauntlet |   2.4 |   2.4 |   0.0 |   0.0 |   4.2 | 4999.0
               +-------+-------+-------+-------+-------+----------------------
